 Dungeon Crawl Stone Soup version 0.20-a0-1040-gfd09691 (webtiles) character file.

24101 M4edhros the Unseen (level 13, -5/92 HPs)
             Began as an Octopode Artificer on Apr 22, 2017.
             Was an Initiate of Gozag.
             Killed from afar by an ice dragon (29 damage)
             ... with a blast of cold
             ... on level 13 of the Dungeon on Apr 23, 2017.
             The game lasted 00:42:38 (12266 turns).

M4edhros the Unseen (Octopode Artificer)           Turns: 12266, Time: 00:42:39

Health: -5/92      AC:  5    Str: 26    XL:     13   Next: 11%
Magic:  17/17      EV: 20    Int: 11    God:    Gozag
Gold:   221        SH:  8    Dex: 16    Spells: 12/12 levels left

rFire    + . .     SeeInvis .   O - +6 dagger "Mudyffai" {venom, +Inv rC- Str+8 Int-2}
rCold    . . .     Gourm    .   N - +3 buckler {AC+3}
rNeg     . . .     Faith    .   (helmet restricted)
rPois    .         Spirit   .   y - amulet of regeneration
rElec    .         Reflect  .   B - ring of protection from cold
rCorr    .         Harm     .   Q - +1 ring of protection
MR       .....                  H - ring of protection from cold
Stlth    ++++++++..             k - ring of fire
Regen    0.7/turn               (no ring)
MPRegen  0.2/turn               (no ring)
                                (no ring)
                                (no ring)

@: mighty, gold aura, very slightly contaminated
A: almost no armour, stealthy swim, amphibious, 8 rings, constrict 8, camouflage
1, gelatinous body 1
a: Potion Petition, Call Merchant, Bribe Branch, Renounce Religion, Evoke
Invisibility


You were on level 13 of the Dungeon.
You worshipped Gozag.
Gozag was aware of your devotion.
You were full.

You visited 3 branches of the dungeon, and saw 15 of its levels.

You collected 2930 gold pieces.
You spent 430 gold pieces at shops.
You paid 2279 gold pieces to Gozag.

Inventory:

Hand Weapons
 j - a +0 scythe
 n - a +6 hunting sling of venom
 C - a +1 short sword of electrocution
 F - a +1 dagger of holy wrath
 O - the +6 dagger "Mudyffai" (weapon) {venom, +Inv rC- Str+8 Int-2}
   (You bought it in a shop on level 12 of the Dungeon)

   It poisons the flesh of those it strikes.
   It affects your strength (+8).
   It affects your intelligence (-2).
   It makes you vulnerable to cold.
   It lets you turn invisible.
Missiles
 m - 372 stones (quivered)
 A - 7 poisoned javelins
 M - 4 curare-tipped needles
 P - 70 sling bullets
Armour
 N - a +3 buckler of protection (worn)
Jewellery
 k - a ring of fire (on tentacle)
 o - an uncursed amulet of the gourmand
 r - an uncursed amulet of magic regeneration {unknown}
 y - an amulet of regeneration (around mantle)
 B - a ring of protection from cold (left tentacle)
 H - a ring of protection from cold (on tentacle)
 Q - a +1 ring of protection (right tentacle)
Wands
 b - a wand of flame (0/48)
 c - a wand of enslavement (0/24)
 d - a wand of random effects (0/48)
 g - a wand of scattershot (4/9)
 h - a wand of flame (13/48)
 i - a wand of iceblast (9/15)
 q - a wand of paralysis (8/24)
 s - a wand of lightning (0/15)
 K - a wand of lightning (0/15)
Scrolls
 e - 2 scrolls of teleportation
 l - 3 scrolls of amnesia
 v - a scroll of fog
 x - 3 scrolls of magic mapping
 z - 5 scrolls of remove curse
 E - 3 scrolls of identify
 J - a scroll of blinking
 S - a scroll of acquirement {unknown}
Potions
 p - 2 potions of brilliance
 t - 4 potions of curing
 u - 2 potions of degeneration {unknown}
 w - a potion of flight {unknown}
 D - 2 potions of cancellation
 G - a potion of lignification
 L - 2 potions of magic
 R - a potion of mutation {unknown}
Books
 U - Sif Muna's Reference Book on Feathers
   (You found it on level 8 of the Dungeon)

   Spells                             Type                      Level
   a - Shock                          Conjuration/Air              1
Comestibles
 f - 3 bread rations
 I - 2 meat rations
 T - a royal jelly
 Y - 31 fruits


   Skills:
 + Level 9.8 Fighting
 - Level 6.0 Short Blades
 - Level 4.6 Slings
 + Level 10.0 Dodging
 + Level 17.7 Stealth
 - Level 5.1 Shields
 * Level 5.8 Evocations


You had 12 spell levels left.
You didn't know any spells.

Dungeon Overview and Level Annotations

Branches:
Dungeon (13/15)            Temple (1/1) D:6            Lair (0/6) D:11
    Orc (1/2) D:9
 Vaults: D:13-14

Altars:
Ashenzari
Cheibriados
Dithmenos
Elyvilon
Fedhas
Gozag
Hepliaklqana
Kikubaaqudgha
Makhleb
Nemelex Xobeh
Okawaru
Qazlal
Ru
Sif Muna
Trog
Uskayaw
Vehumet
Wu Jian
Xom
Yredelemnul
Zin
The Shining One
Beogh

Shops:
D:4 !   D:7 *[   D:10 *   D:12 (   D:13 [


Innate Abilities, Weirdness & Mutations

You cannot wear most types of armour.
You are very stealthy in the water. (Stealth+)
You are amphibious.
You can wear up to eight rings at the same time.
You can use your tentacles to constrict eight enemies at once.
Your skin changes colour to match your surroundings (Stealth+).
Your rubbery body absorbs attacks. (AC +1, EV +1)


Message History

You hit the war gargoyle but do no damage.
The war gargoyle is almost destroyed.
You flicker back into view.
You constrict the war gargoyle. You block the war gargoyle's attack.
The ice dragon bites you!
* * * LOW HITPOINT WARNING * * *
The ice dragon claws you.
* * * LOW HITPOINT WARNING * * *
The ice dragon tramples you but does no damage.
Unknown command.
Okay, then.
You hit the war gargoyle.
The war gargoyle is almost destroyed.
You constrict the war gargoyle.
You destroy the war gargoyle!
Your Dodging skill increases to level 10!
The ice dragon breathes frost at you. The blast of cold hits you!
You die...
Your body crumbles into a pile of gold.

.......)............)........
######.####....###)###?$(.###
#.###....##.....##..((#
#..#....##.##.##.##....#
##....^.#.##...##.#.....
##......#.#.....#.#.....
##.......(...............
#........#.#$.$.[#.#....
#........##.#@.$..#.##.
#...###.##.##D....##.##
#..##.....##.......##..
#.##.##.###.....%...###
#.#.##.......W.........
#.#.#.........)}:.....
#.............}):.....
........::[.....


You could see an ice dragon and a shadow.

Vanquished Creatures
  A war gargoyle (D:13)
  An ettin (D:13)
  Josephine (D:12)
  4 two-headed ogres
  2 hydras
  The ghost of amplicon the Blocker, a journeyman OpFi of Hepliaklqana (D:10)
  A centaur warrior (D:10)
  A skeletal warrior (D:13)
  An unseen horror (D:13)
  A phantasmal warrior (D:12)
  4 slime creatures
  3 ugly things
  Maurice (D:11)
  A centaur zombie (D:10)
  A freezing wraith (D:12)
  5 trolls
  3 hornets
  Grinder (D:3)
  3 hippogriffs
  Sigmund (D:2)
  7 wraiths
  Eustachio (D:6)
  9 yaks
  A basilisk (D:13)
  3 vampire mosquitoes
  A hungry ghost (D:7)
  Edmund (D:4)
  Menkaure (D:7)
  An acid dragon (D:12)
  2 water moccasins
  A porcupine (D:11)
  3 ice beasts
  10 orc warriors
  2 black bears (D:10)
  An eye of draining (D:11)
  4 sky beasts
  7 ogres
  3 phantoms
  3 centaurs
  2 crocodiles (D:11)
  2 big kobolds
  5 bullfrogs
  Blork the orc (D:6)
  A wyvern skeleton (D:9)
  4 scorpions
  6 killer bees
  9 wights
  A howler monkey (D:6)
  3 crimson imps
  A bullfrog zombie (D:7)
  A quasit (D:8)
  5 orc priests
  Crazy Yiuf (D:4)
  3 bullfrog skeletons
  3 hounds
  2 jellies
  7 orc wizards
  A centaur skeleton (D:11)
  2 iguanas
  7 worker ants
  3 worker ant zombies
  7 adders
  A howler monkey skeleton (D:5)
  5 shadow imps
  2 oozes
  7 worms
  2 dart slugs
  4 leopard geckos
  54 orcs
  5 ball pythons
  5 bats
  3 giant cockroaches
  6 goblins
  3 hobgoblins
  11 jackals
  7 quokkas
  8 frilled lizards
  A jackal skeleton (D:6)
  18 kobolds
  A leopard gecko skeleton (D:5)
  A leopard gecko zombie (D:7)
  5 rats
  A plant (D:11)
325 creatures vanquished.

Vanquished Creatures (collateral kills)
  3 killer bees (D:9)
  A hound (D:4)
  An orc wizard (D:6)
  A howler monkey skeleton (D:5)
  An adder skeleton (D:4)
  4 orcs
  A quokka (D:8)
  A frilled lizard (D:4)
13 creatures vanquished.

Vanquished Creatures (others)
  A killer bee (D:9)
  An orc wizard (D:6)
  A hound (D:5)
  An orc (D:6)
  17 fungi
  5 plants (D:11)
26 creatures vanquished.

Grand Total: 364 creatures vanquished

Notes
Turn   | Place    | Note
-------+----------+-------------------------------------------
     0 | D:1      | M4edhros the Octopode Artificer began the quest for the Orb.
     0 | D:1      | Reached XP level 1. HP: 13/13 MP: 3/3
   136 | D:1      | Reached skill level 2 in Stealth
   207 | D:2      | Noticed Sigmund
   218 | D:2      | Killed Sigmund
   218 | D:2      | Reached skill level 7 in Stealth
   218 | D:2      | Reached XP level 2. HP: 10/18 MP: 4/4
   218 | D:2      | Reached XP level 3. HP: 13/23 MP: 5/5
   218 | D:2      | Reached XP level 4. HP: 16/28 MP: 6/6
   218 | D:2      | Reached XP level 5. HP: 19/33 MP: 7/7
   493 | D:2      | Found a bloodstained altar of Trog.
   637 | D:4      | Found an iron altar of Okawaru.
   678 | D:4      | Reached skill level 8 in Stealth
   678 | D:4      | Reached XP level 6. HP: 26/38 MP: 8/8
   990 | D:5      | Entered Level 5 of the Dungeon
  1040 | D:5      | Noticed a sky beast
  1043 | D:5      | Killed a sky beast
  1043 | D:5      | Reached skill level 9 in Stealth
  1086 | D:5      | Found a stormy altar of Qazlal.
  1918 | D:5      | Reached skill level 10 in Stealth
  1918 | D:5      | Reached XP level 7. HP: 25/43 MP: 9/9
  2109 | D:6      | Noticed Eustachio
  2123 | D:6      | Killed Eustachio
  2238 | D:6      | Reached skill level 11 in Stealth
  2288 | D:6      | Noticed Blork the orc
  2299 | D:6      | Killed Blork the orc
  2319 | D:6      | Found a staircase to the Ecumenical Temple.
  2331 | Temple   | Entered the Ecumenical Temple
  2497 | Temple   | Became a worshipper of Gozag Ym Sagoz the Greedy
  3187 | D:1      | Reached XP level 8. HP: 48/51 MP: 10/10
  3890 | D:3      | Found a shadowy altar of Dithmenos.
  4061 | D:3      | Found a basalt altar of Yredelemnul.
  4103 | D:3      | Found a burning altar of Makhleb.
  4104 | D:3      | Noticed Grinder
  4112 | D:3      | Paralysed by Grinder for 4 turns
  4119 | D:3      | Killed Grinder
  4119 | D:3      | Reached skill level 1 in Slings
  4412 | D:4      | Found Pifiown's Distillery.
  4416 | D:4      | Noticed Edmund
  4424 | D:4      | Killed Edmund
  4516 | D:4      | Found a runed door.
  4643 | D:4      | Noticed a hand axe
  4644 | D:4      | Noticed a dagger
  4645 | D:4      | Found a hide-covered altar of Uskayaw.
  5090 | D:4      | Noticed Crazy Yiuf
  5094 | D:4      | Killed Crazy Yiuf
  5274 | D:5      | Reached skill level 12 in Stealth
  5479 | D:5      | Found a radiant altar of Vehumet.
  5498 | D:5      | Reached XP level 9. HP: 55/57 MP: 11/11
  5584 | D:6      | Found a shimmering altar of Xom.
  5996 | D:7      | Found a snail-covered altar of Cheibriados.
  6045 | D:7      | Bought a glowing buckler for 255 gold pieces
  6104 | D:7      | Noticed Menkaure
  6111 | D:7      | Killed Menkaure
  6288 | D:7      | Reached skill level 1 in Shields
  6421 | D:7      | Found Redep's Assorted Antiques.
  6588 | D:8      | Reached skill level 5 in Short Blades
  6693 | D:8      | Reached skill level 13 in Stealth
  6781 | D:8      | Found a deep blue altar of Sif Muna.
  6788 | D:8      | Found a blossoming altar of Fedhas.
  6808 | D:8      | Reached XP level 10. HP: 63/65 MP: 12/12
  6884 | D:8      | Paralysed by a hornet for 3 turns
  7012 | D:8      | Reached skill level 5 in Dodging
  7060 | D:8      | Identified Sif Muna's Reference Book on Feathers
  7127 | D:8      | Found a glowing silver altar of Zin.
  7296 | D:9      | Reached skill level 5 in Fighting
  7355 | D:9      | Upgraded the game from 0.20-a0-1036-g4d371cd to 0.20-a0-1040-gfd09691
  7464 | D:9      | Found a roughly hewn altar of Beogh.
  7464 | D:9      | Found a staircase to the Orcish Mines.
  7592 | D:9      | Reached skill level 14 in Stealth
  7824 | Orc:1    | Entered Level 1 of the Orcish Mines
  7825 | Orc:1    | Noticed a two-headed ogre
  7826 | Orc:1    | Noticed a two-headed ogre
  7828 | Orc:1    | Noticed an ogre mage
  7870 | D:10     | Entered Level 10 of the Dungeon
  7894 | D:10     | Noticed a centaur warrior
  7899 | D:10     | Killed a centaur warrior
  7915 | D:10     | Noticed a cyan ugly thing
  7938 | D:10     | Killed a cyan ugly thing
  7938 | D:10     | Reached XP level 11. HP: 29/72 MP: 13/13
  8067 | D:10     | Noticed amplicon's ghost (journeyman OpFi)
  8113 | D:10     | Killed amplicon's ghost
  8113 | D:10     | Reached skill level 15 in Stealth
  8200 | D:10     | Reached skill level 5 in Shields
  8920 | Orc:1    | HP: 3/74 [two-headed ogre/giant spiked club (20)]
  9766 | D:9      | Found a glowing golden altar of the Shining One.
  9968 | D:9      | Killed a two-headed ogre
 10127 | D:11     | Found an ornate altar of the Wu Jian Council.
 10149 | D:11     | Noticed a two-headed ogre
 10209 | D:11     | Killed a two-headed ogre
 10209 | D:11     | Reached skill level 16 in Stealth
 10572 | D:11     | Reached XP level 12. HP: 62/82 MP: 14/14
 10644 | D:11     | Noticed Maurice
 10668 | D:11     | Found a staircase to the Lair.
 10674 | D:11     | Noticed a two-headed ogre
 10680 | D:11     | Killed a two-headed ogre
 10688 | D:11     | Killed Maurice
 10821 | D:11     | Noticed a four-headed hydra
 10844 | D:11     | Killed a four-headed hydra
 11105 | D:12     | Noticed a seven-headed hydra
 11123 | D:12     | Killed a seven-headed hydra
 11160 | D:12     | Noticed Josephine
 11164 | D:12     | Killed Josephine
 11164 | D:12     | Reached skill level 17 in Stealth
 11291 | D:12     | Noticed a two-headed ogre
 11292 | D:12     | Killed a two-headed ogre
 11343 | D:12     | Found a sparkling altar of Nemelex Xobeh.
 11538 | D:12     | Bought a shimmering dagger for 175 gold pieces
 11538 | D:12     | Identified the +6 dagger "Mudyffai" {venom, +Inv rC- Str+8 Int-2} (You bought it in a shop on level 12 of the Dungeon)
 11777 | D:12     | Noticed a death knight
 11965 | D:13     | Found Nytruana's Armour Shop.
 12107 | D:13     | Noticed an ice dragon
 12108 | D:13     | Noticed an ettin
 12130 | D:13     | Killed an ettin
 12130 | D:13     | Reached skill level 5 in Evocations
 12130 | D:13     | Reached XP level 13. HP: 76/91 MP: 14/16
 12239 | D:13     | Noticed a war gargoyle
 12266 | D:13     | Killed a war gargoyle
 12266 | D:13     | Reached skill level 10 in Dodging
 12266 | D:13     | Killed from afar by an ice dragon

Vault maps used:
D:1:      ncdulo_smallfort, minmay_quantized
D:2:      nicolae_overflow_hidden_temple, first_bread, uniq_sigmund
D:3:      lemuel_round_altar, old_standard_altar, bloody_makhleb, uniq_grinder
D:4:      okawaru_trees_2, dancing_weapons_uskayaw, serial_shops,
          nicolae_shop_competitors_out_of_business, uniq_edmund,
          uniq_crazy_yiuf_cottage
D:5:      kennysheep_mini, kennysheep_mini_moat
D:6:      minmay_temple_entry_trees, serial_aquarium,
          aquarium_bridge_island_small, aquarium_bridge_square,
          aquarium_window_1, aquarium_window_1, aquarium_window_fake,
          aquarium_view_2g, aquarium_pool_2, xom_teletrap_fun, uniq_eustachio,
          uniq_blork_the_orc
D:7:      nicolae_overflow_crystal_walls, serial_shops,
          nicolae_shop_overgrown_old_shop, uniq_menkaure
D:8:      overflow_temple_1_default, led_sif_book, fedhas_altar_2
D:9:      lemuel_coloured_pillars_altar, david_orc_5
D:11:     grunt_lair_entry_orc_guard_hut, basic_altar, blue_anna_alchemist,
          uniq_maurice
D:12:     basic_altar, uniq_josephine
D:13:     minmay_strange_plus, david_vaults_1, serial_shops, shop, uniq_sonja
Temple:   kb_temple_of_zot
Orc:1:    uniq_harold

Skill      XL: |  1  2  3  4  5  6  7  8  9 10 11 12 13 |
---------------+----------------------------------------+-----
Stealth        | 7 8 10 11 12 13 14 16 17 | 17.7
Fighting       | 2 3 4 5 8 9 |  9.8
Dodging        | 3 4 6 8 9 10 | 10.0
Slings         | 2 3 4 |  4.6
Short Blades   | 3 5 6 |  6.0
Shields        | 2 4 5 |  5.1
Evocations     | 5 |  5.8

Action                   |  1- 3 |  4- 6 |  7- 9 | 10-12 | 13-15 || total
-------------------------+-------+-------+-------+-------+-------++-------
Melee: Short sword       |    14 |       |   223 |   405 |       ||   642
       Constrict         |     3 |    14 |    49 |    49 |     2 ||   117
       Tentacles         |     3 |     6 |    49 |    94 |    12 ||   164
       Scythe            |       |    56 |    34 |       |       ||    90
       Dagger            |       |       |       |    96 |    27 ||   123
 Fire: Hunting sling     |       |       |       |   218 |       ||   218
Invok: Call Merchant     |       |       |     1 |     2 |       ||     3
       Potion Petition   |       |       |       |     1 |       ||     1
 Abil: Evoke Invisibilit |       |       |       |     1 |     1 ||     2
Evoke: Wand              |     3 |     7 |    17 |    32 |       ||    59
  Use: Potion            |       |     2 |     1 |     9 |     1 ||    13
       Scroll            |       |       |     2 |    28 |       ||    30
 Stab: Sleeping          |     3 |     9 |    35 |    31 |       ||    78
       Distracted        |       |       |     4 |     5 |       ||     9
       Invisible         |       |       |       |     5 |     2 ||     7
       Paralysed         |       |       |       |     2 |       ||     2
  Eat: Chunk             |       |     6 |       |       |       ||     6
       Royal jelly       |       |       |     5 |     2 |       ||     7
       Bread ration      |       |       |     1 |     3 |       ||     4
       Meat ration       |       |       |       |     1 |       ||     1
Armor: Skin              |     1 |     2 |    16 |    62 |     4 ||    85
Dodge: Dodged            |     7 |    46 |   111 |   299 |    19 ||   482
Block: Buckler           |       |       |    15 |   165 |     7 ||   187
